 Dungeon Crawl Stone Soup version 0.20.0-8-g6b59dc7 (webtiles) character file.

29 Chiseanne the Skirmisher (level 3, -6/29 HPs)
             Began as a Demonspawn Wanderer on May 30, 2017.
             Mangled by an ogre
             ... wielding a +0 giant club
              (11 damage)
             ... on level 3 of the Dungeon.
             The game lasted 00:02:05 (1210 turns).

Chiseanne the Skirmisher (Demonspawn Wanderer)      Turns: 1210, Time: 00:02:06

Health: -6/29      AC:  2    Str: 11    XL:     3   Next: 1%
Magic:  0/3        EV: 10    Int: 15    God:
Gold:   48         SH:  9    Dex: 16    Spells: 2/2 levels left

rFire    . . .     SeeInvis .   b - +0 spear
rCold    . . .     Gourm    .   a - +1 shield
rNeg     . . .     Faith    .   d - +0 robe
rPois    .         Spirit   +   (no helmet)
rElec    .         Reflect  .   (no cloak)
rCorr    .         Harm     .   (no gloves)
MR       .....                  (no boots)
Stlth    ++........             (no amulet)
Regen    0.1/turn               j - +4 ring of dexterity
MPRegen  0.1/turn               (no ring)

@: no status effects
A: magic shield
a: no special abilities


You were on level 3 of the Dungeon.
You were very hungry.

You visited 1 branch of the dungeon, and saw 3 of its levels.

You collected 48 gold pieces.

Inventory:

Hand Weapons
 b - a +0 spear (weapon)
Missiles
 i - 50 stones (quivered)
 k - 18 sling bullets
 s - 12 arrows
Armour
 a - a +1 shield (worn)
 d - a +0 robe (worn)
Jewellery
 j - a +4 ring of dexterity (left hand)
 r - an uncursed ring of see invisible {unknown}
Scrolls
 e - 3 scrolls of immolation
 h - 2 scrolls of enchant armour
Potions
 c - 3 potions of curing
 g - a potion of degeneration {unknown}
 l - a potion of mutation {unknown}
 n - a potion of magic {unknown}
 o - 2 potions of brilliance {unknown}
 p - a potion of agility {unknown}
Comestibles
 f - 2 bread rations
 m - 2 meat rations
 q - 2 fruits


   Skills:
 * Level 3.2 Fighting
   Level 1.0 Short Blades
 * Level 1.5 Dodging
 - Level 1.0 Stealth
 * Level 2.3 Shields
 - Level 2.6 Unarmed Combat


You had 2 spell levels left.
You didn't know any spells.

Dungeon Overview and Level Annotations

Branches:
Dungeon (3/15)

Altars:


Innate Abilities, Weirdness & Mutations

When hurt, damage is shared between your health and your magic reserves.


Message History

You are too injured to fight recklessly!
You are too injured to fight recklessly!
You are too injured to fight recklessly!
You are too injured to fight recklessly!
You are too injured to fight recklessly!
You are too injured to fight recklessly!
You are too injured to fight recklessly!
You are too injured to fight recklessly!
You are too injured to fight recklessly!
You are too injured to fight recklessly!
You are too injured to fight recklessly!
You are too injured to fight recklessly!
You are too injured to fight recklessly!
You are too injured to fight recklessly!
You are too injured to fight recklessly!
You are too injured to fight recklessly!
You hit the ogre.
The ogre is moderately wounded.
The ogre hits you with a giant club!
You die...

... # ... #.
#.# #
##.##.##.#
#......#.#
#........# .
#.###..###....
#...<.......
#@##.##.....
#O##.# ##.#
.....# ##.##>.
#.##.. #.##...
#.##..# ##.


You could see an ogre.

Vanquished Creatures
  A dart slug (D:1)
  A leopard gecko (D:1)
  A bat (D:1)
  3 giant cockroaches
  5 goblins
  3 hobgoblins (D:1)
  3 ball pythons (D:1)
  4 frilled lizards
  2 kobolds (D:1)
  3 rats
26 creatures vanquished.

Notes
Turn   | Place    | Note
-------+----------+-------------------------------------------
     0 | D:1      | Chiseanne the Demonspawn Wanderer began the quest for the Orb.
     0 | D:1      | Chiseanne set off with: a +0 shield, a +0 spear, a potion of curing, a +0 robe, a bread ration
     0 | D:1      | Reached XP level 1. HP: 18/18 MP: 1/1
    99 | D:1      | Gained mutation: When hurt, damage is shared between your health and your magic reserves. [demonic ancestry]
    99 | D:1      | Reached XP level 2. HP: 22/24 MP: 2/2
   202 | D:1      | Reached skill level 1 in Dodging
  1131 | D:3      | Reached XP level 3. HP: 10/29 MP: 3/3
  1208 | D:3      | Noticed an ogre
  1210 | D:3      | Mangled by an ogre

Skill      XL: |  1  2 |
---------------+-------+-----
Shields        | 2 |  2.3
Dodging        | 1 |  1.5
Fighting       | |  3.2
Short Blades   | |  1.0
Stealth        | |  1.0
Unarmed Combat | |  2.6

Action                   || total
-------------------------++-------
Melee: Spear             ||    90
  Use: Scroll            ||     6
 Stab: Distracted        ||     1
       Sleeping          ||     1
Armor: Robe              ||    14
Dodge: Dodged            ||    22
Block: Shield            ||    25
